 Dungeon Crawl Stone Soup version 0.20-a0-899-g09a9bfb (webtiles) character file.

1754 tarabluh the Grappler (level 8, -1/100 HPs)
             Began as a Troll Summoner on Mar 19, 2017.
             Slain by a killer bee (5 damage)
             ... on level 7 of the Dungeon.
             The game lasted 00:13:32 (6123 turns).

tarabluh the Grappler (Troll Summoner)              Turns: 6123, Time: 00:13:32

Health: -1/100     AC:  7    Str: 22    XL:     8   Next: 78%
Magic:  8/8        EV: 10    Int: 13    God:
Gold:   310        SH:  0    Dex: 10    Spells: 3/9 levels left

rFire    . . .     SeeInvis .     - Unarmed
rCold    + . .     Gourm    +   a - +1 robe
rNeg     + . .     Faith    .   (no shield)
rPois    .         Spirit   .   (helmet restricted)
rElec    .         Reflect  .   m - +0 cloak
rCorr    .         Harm     .   (gloves unavailable)
MR       .....                  (boots unavailable)
Stlth    ..........             (no amulet)
Regen    0.7/turn               F - ring of positive energy
MPRegen  0.2/turn               C - ring of protection from cold

@: berserking, lethally poisoned (-1 -> -19), very quick
A: unfitting armour, claws 3, fast metabolism 3, gourmand, regeneration 1,
shaggy fur 1, tough skin 2
a: no special abilities


You were on level 7 of the Dungeon.
You were very full.

You visited 1 branch of the dungeon, and saw 7 of its levels.

You collected 310 gold pieces.

Inventory:

Missiles
 d - 4 poisoned javelins (quivered)
 o - 15 tomahawks
Armour
 a - a +1 robe (worn)
 m - a +0 cloak (worn)
 B - a scarf of cold resistance
Magical Staves
 x - an uncursed staff of wizardry
Jewellery
 C - a ring of protection from cold (left claw)
 F - a ring of positive energy (right claw)
Wands
 p - a wand of disintegration (21/24)
 u - a wand of polymorph (13/24)
 w - a wand of random effects (18/48)
Scrolls
 f - a scroll of enchant armour
 i - 2 scrolls of enchant weapon
 j - 3 scrolls of remove curse
 k - 2 scrolls of amnesia
 r - 2 scrolls of teleportation
 D - a scroll of blinking {unknown}
Potions
 e - a potion of ambrosia
 g - a potion of heal wounds
 h - 3 potions of lignification
 l - 2 potions of mutation
 n - 2 potions of brilliance
 q - 2 potions of curing
 t - 3 potions of flight
 E - a potion of invisibility {unknown}
Books
 b - a book of Callings

   Spells                             Type                      Level
   a - Summon Small Mammal            Summoning                    1
   b - Call Imp                       Summoning                    2
   c - Call Canine Familiar           Summoning                    3
   d - Summon Guardian Golem          Hexes/Summoning              3
   e - Summon Lightning Spire         Summoning/Air                4
   f - Summon Ice Beast               Ice/Summoning                4
Comestibles
 c - 7 bread rations
 v - 2 meat rations
 z - 2 royal jellies
 A - 3 fruits


   Skills:
 - Level 1.5 Dodging
 - Level 1.0 Stealth
 + Level 9.4 Unarmed Combat
 - Level 1.2 Spellcasting
 - Level 5.6 Summonings


You had 3 spell levels left.
You knew the following spells:

 Your Spells              Type           Power        Failure   Level  Hunger
a - Summon Small Mammal   Summ           ###.         3%          1    ##.....
b - Call Imp              Summ           ###.....     6%          2    ###....
c - Call Canine Familiar  Summ           ###.....     12%         3    ####...


Dungeon Overview and Level Annotations

Branches:
Dungeon (7/15)
 Temple: D:4-7

Altars:
Ashenzari
Fedhas
Okawaru
Qazlal
Trog
Zin

Annotations:
D:5 exclusion: oklob plant


Innate Abilities, Weirdness & Mutations

You are too large for most types of armour.
You have claws for hands.
Your metabolism is lightning-fast.
You like to eat raw meat.
Your natural rate of healing is unusually fast.
You are covered in fur. (AC +1)
You have very tough skin. (AC +2)


Message History

* * * LOW HITPOINT WARNING * * *
You feel sick. The killer bee closely misses you. The killer bee stings you.
* * * LOW HITPOINT WARNING * * *
The killer bee misses you.
The killer bee stings you but does no damage. x2
The killer bee misses you.
You mangle the killer bee!!
You kill the killer bee!
* * * LOW HITPOINT WARNING * * *
You feel sick. The killer bee barely misses you. The killer bee stings you.
* * * LOW HITPOINT WARNING * * *
The killer bee barely misses you. The killer bee stings you.
* * * LOW HITPOINT WARNING * * *
The killer bee stings you but does no damage.
You claw the killer bee! Your claw misses the killer bee.
The killer bee is heavily wounded.
* * * LOW HITPOINT WARNING * * *
You feel very sick. The killer bee stings you.
You die...

.......###..#
.......###..#######
............#.....##
............†......##
####................#
#.............<..#
#................#
#...........yyy..#
#..........Ky@...#
#...........y....#
##.............>##
##.....##.....##
##############


You could see 5 killer bees and a kobold.

Vanquished Creatures
  The ghost of tarabluh the Caller, a novice TrSu (D:5)
  Duvessa (D:5)
  An ice beast (D:4)
  A sky beast (D:6)
  A black bear (D:6)
  2 centaurs
  A bullfrog (D:6)
  A scorpion (D:7)
  A killer bee (D:7)
  2 crimson imps
  2 hounds
  A centaur zombie (D:5)
  An orc priest (D:3)
  A bullfrog skeleton (D:5)
  Natasha (thrice) (D:2)
  6 worker ants
  An orc wizard (D:3)
  2 gnolls (D:1)
  5 adders
  2 oozes
  An adder zombie (D:5)
  2 adder skeletons
  2 worms
  A dart slug (D:1)
  3 leopard geckos
  21 orcs
  5 bats
  4 giant cockroaches
  13 goblins
  9 hobgoblins
  6 jackals
  A quokka (D:3)
  A ball python (D:1)
  14 frilled lizards
  5 kobolds
  10 rats
134 creatures vanquished.

Vanquished Creatures (collateral kills)
  An ogre (D:4)
  Blork the orc (D:5)
  Dowan (D:5)
  3 orcs
  A bat (D:2)
  A quokka skeleton (D:4)
8 creatures vanquished.

Vanquished Creatures (others)
  14 toadstools (D:5)
14 creatures vanquished.

Grand Total: 156 creatures vanquished

Notes
Turn   | Place    | Note
-------+----------+-------------------------------------------
     0 | D:1      | tarabluh the Troll Summoner began the quest for the Orb.
     0 | D:1      | Reached XP level 1. HP: 16/16 MP: 1/1
   167 | D:1      | Reached XP level 2. HP: 6/24 MP: 2/2
   351 | D:1      | Reached skill level 1 in Unarmed Combat
   409 | D:1      | Learned a level 2 spell: Call Imp
   481 | D:1      | Reached XP level 3. HP: 31/31 MP: 3/3
  1102 | D:2      | Found a faded altar of an unknown god.
  1251 | D:2      | Noticed Natasha
  1270 | D:2      | Killed Natasha
  1270 | D:2      | Reached skill level 2 in Unarmed Combat
  1270 | D:2      | Reached XP level 4. HP: 6/39 MP: 4/4
  1273 | D:2      | Noticed Natasha
  1350 | D:2      | Killed Natasha
  1416 | D:2      | Noticed Natasha
  1422 | D:2      | Killed Natasha
  1422 | D:2      | Reached XP level 5. HP: 36/45 MP: 5/5
  2200 | D:3      | Reached skill level 3 in Unarmed Combat
  2701 | D:3      | Reached XP level 6. HP: 53/53 MP: 6/6
  2784 | D:4      | Reached skill level 5 in Summonings
  2953 | D:4      | Learned a level 3 spell: Call Canine Familiar
  3210 | D:4      | HP: 2/53 [poisoned by an orc]
  3680 | D:4      | Noticed an ice beast
  3691 | D:4      | Killed an ice beast
  3796 | D:4      | Found a stormy altar of Qazlal.
  3907 | D:5      | Entered Level 5 of the Dungeon
  3923 | D:5      | Found a glowing silver altar of Zin.
  3971 | D:5      | Reached XP level 7. HP: 56/59 MP: 7/7
  4215 | D:5      | Reached skill level 4 in Unarmed Combat
  4383 | D:5      | Found a bloodstained altar of Trog.
  4387 | D:5      | Noticed Blork the orc
  4395 | D:5      | Killed Blork the orc
  4415 | D:5      | Found a blossoming altar of Fedhas.
  4415 | D:5      | Noticed tarabluh's ghost (novice TrSu)
  4443 | D:5      | Killed tarabluh's ghost
  4443 | D:5      | Reached skill level 6 in Unarmed Combat
  4547 | D:5      | Noticed an oklob plant
  4678 | D:5      | Reached XP level 8. HP: 64/67 MP: 8/8
  4686 | D:5      | Noticed Dowan
  4714 | D:5      | Killed Dowan
  4782 | D:5      | Noticed Duvessa
  4799 | D:5      | Killed Duvessa
  4799 | D:5      | Reached skill level 7 in Unarmed Combat
  4895 | D:5      | Found a shattered altar of Ashenzari.
  5266 | D:6      | Reached skill level 8 in Unarmed Combat
  5275 | D:6      | Found an iron altar of Okawaru.
  5356 | D:6      | HP: 1/67 [bullfrog (5)]
  5841 | D:6      | Reached skill level 9 in Unarmed Combat
  6123 | D:7      | HP: 4/100 [poisoned by a killer bee]
  6123 | D:7      | Slain by a killer bee

Vault maps used:
D:1:      dpeg_chamrin_arrival_tetris
D:2:      chequers_ecumenical_altar_simple_redux, uniq_natasha
D:3:      kennysheep_six_static_rooms
D:4:      kennysheep_little_box
D:5:      tgw_fedhas, old_standard_altar, bloody_trog, lemuel_round_altar,
          first_bread, uniq_blork_the_orc, uniq_duvessa
D:6:      kennysheep_okawaru_gauntlet
D:7:      minmay_temple_entry_overgrown, uniq_crazy_yiuf_cottage

Skill      XL: |  1  2  3  4  5  6  7  8 |
---------------+-------------------------+-----
Summonings     | 3 4 5 |  5.6
Unarmed Combat | 1 2 3 6 9 |  9.4
Dodging        | |  1.5
Stealth        | |  1.0
Spellcasting   | |  1.2

Action                   |  1- 3 |  4- 6 |  7- 9 || total
-------------------------+-------+-------+-------++-------
Melee: Unarmed           |   138 |   232 |   141 ||   511
       Punch             |       |     1 |     2 ||     3
Throw: Javelin           |       |     2 |       ||     2
 Cast: Summon Small Mamm |       |     9 |       ||     9
       Call Imp          |       |     3 |     5 ||     8
       Call Canine Famil |       |     1 |     5 ||     6
Evoke: Wand              |       |       |     1 ||     1
  Use: Potion            |     2 |     2 |     4 ||     8
       Scroll            |       |    12 |     3 ||    15
 Stab: Sleeping          |     2 |     2 |     2 ||     6
       Distracted        |       |       |     1 ||     1
  Eat: Chunk             |    17 |    24 |    22 ||    63
Armor: Robe              |    52 |    72 |    69 ||   193
       Skin              |       |       |     3 ||     3
Dodge: Dodged            |    65 |    95 |    99 ||   259
